 Dungeon Crawl Stone Soup version 0.27.0-66-gdc8fb28755 (webtiles) character file.

Game seed: 18314456442821642275

13617 nicksoapdish the Cleaver (level 11, -1/97 HPs)
             Began as a Minotaur Fighter on Aug 19, 2021.
             Was an Elder of Qazlal.
             Killed from afar by a wretched star (24 damage)
             ... with a lance of force
             ... on level 1 of the Abyss.
             The game lasted 00:30:46 (11731 turns).

nicksoapdish the Cleaver (Minotaur Fighter)        Turns: 11731, Time: 00:30:46

Health: -1/97      AC:  8    Str: 35    XL:     11   Next: 77%
Magic:  13/13      EV: 10    Int:  5    God:    Qazlal [****..]
Gold:   547        SH: 23    Dex: 11    Spells: 10/10 levels left

rFire    . . .     SeeInvis .   a - +0 war axe (spect)
rCold    . . .     Faith    .   c - +0 kite shield
rNeg     + . .     Spirit   .   z - +1 leather armour of Shadows and Fog {Str+6}
rPois    .         Reflect  +   I - +0 hat {Will+}
rElec    .         Harm     .   j - +2 cloak
rCorr    .         Rampage  .   (no gloves)
Will     +....                  (no boots)
Stlth    +.........             C - amulet of reflection
HPRegen  0.26/turn              m - ring of positive energy
MPRegen  0.13/turn              y - +6 ring of strength

@: repel missiles
A: horns 2, retaliatory headbutt
a: Renounce Religion, Upheaval, Elemental Force


You were on level 1 of the Abyss.
You worshipped Qazlal.
Qazlal was greatly pleased with you.
You visited 2 branches of the dungeon, and saw 11 of its levels.
You visited the Abyss 1 time.
You also visited: Ossuary.

You collected 547 gold pieces.

Inventory:

Hand Weapons
 a - a +0 spectral war axe (weapon)
Armour
 c - a +0 kite shield (worn)
 j - a +2 cloak (worn)
 l - a +1 ring mail of fire resistance
 z - the +1 leather armour of Shadows and Fog (worn) {Str+6}
   (You found it on level 10 of the Dungeon)

   Str:       It affects your strength (+6).
 I - a +0 hat of willpower (worn)
Jewellery
 m - a ring of positive energy (left hand)
 y - a +6 ring of strength (right hand)
 C - an amulet of reflection (around neck)
 J - a +6 ring of intelligence
Wands
 d - a wand of flame (6)
 k - a wand of digging (18)
 s - a wand of polymorph (3)
 A - a wand of acid (13)
 D - a wand of iceblast (11)
 E - a wand of paralysis (3)
Scrolls
 b - a scroll of enchant weapon {unknown}
 g - 3 scrolls of fear
 h - 5 scrolls of teleportation
 p - 2 scrolls of summoning
 r - 3 scrolls of immolation
 B - a scroll of holy word
 F - a scroll of amnesia
 G - 2 scrolls of magic mapping {unknown}
 H - a scroll of torment {unknown}
Potions
 e - 6 potions of curing
 i - a potion of might
 o - 2 potions of lignification
 q - a potion of haste {unknown}
 t - 3 potions of flight
 u - 2 potions of mutation
 v - 2 potions of ambrosia
 w - a potion of brilliance {unknown}
 x - a potion of berserk rage
Miscellaneous
 f - a piece from Xom's chessboard (15/15)


   Skills:
 + Level 9.0 Fighting
 + Level 13.9 Axes
 * Level 9.4 Armour
 + Level 10.4 Shields
 * Level 4.9 Invocations
 - Level 5.1 Evocations


You had 10 spell levels left.
You didn't know any spells.
Your spell library contained the following spells:

 Spells                   Type           Power      Damage    Failure   Level
 Corona                   Hex            0%         N/A       71%         1
 Ensorcelled Hibernation  Hex/Ice        0%         N/A       83%         2
 Slow                     Hex            0%         N/A       83%         2
 Confusing Touch          Hex            0%         N/A       97%         3
 Dazzling Flash           Conj/Hex       0%         N/A       97%         3
 Tukima's Dance           Hex            0%         N/A       97%         3
 Iskenderun's Mystic Bla  Conj/Tloc      0%         2d3       100%        4
 Yara's Violent Unravell  Hex/Tmut       0%         3d3       100%        5
 Starburst                Conj/Fire      0%         6d3       100%        6


Dungeon Overview and Level Annotations

Branches:
Dungeon (10/15)            Temple (1/1) D:5         Ossuary (visited)
   Lair: D:8-11         Orc: D:9-12

Altars:
Ashenzari
Gozag
Kikubaaqudgha
Makhleb
Nemelex Xobeh
Okawaru
Qazlal
Ru
Vehumet
Wu Jian
Xom
Lugonu

Portals:
Abyss: D:10


Innate Abilities, Weirdness & Mutations

You have a pair of horns on your head.
You reflexively headbutt those who attack you in melee.


Message History

The starcursed mass shudders and is absorbed by its neighbour.
A starcursed mass splits.
A chorus of shrieks assaults your mind.
The ynoxinul gestures.
You slash the ynoxinul! Your headbutt misses the ynoxinul.
The ynoxinul is heavily wounded.
You closely miss the black draconian.
A starcursed mass splits.
The black draconian hits you with a +0 dire flail!
The ynoxinul gestures.
You slice the ynoxinul!!
You kill the ynoxinul!
Qazlal accepts your kill.
The ufetubus disappears in a puff of smoke! x4
You barely miss the black draconian. A chorus of shrieks assaults your mind.
You block the black draconian's attack.
You hear a roar!
The black draconian breathes lightning at you.
The bolt of lightning hits you!!
A smoke demon comes into view.
The smoke demon roars!
You hear a chilling moan.
The smoke demon gestures at you. Something smites you!
* * * LOW HITPOINT WARNING * * *
You feel much better.
The black draconian breathes lightning at you.
The bolt of lightning hits you!!
* * * LOW HITPOINT WARNING * * *
A starcursed mass splits.
A hellwing comes into view.
You block the smoke demon's attack. x2; The smoke demon completely misses you.
A starcursed mass splits.
The starcursed mass shrieks in your mind.
* * * LOW HITPOINT WARNING * * *
You feel much better. You block the smoke demon's attack. x2
The smoke demon barely misses you.
A starcursed mass splits.
A wretched star comes into view.
You hear a chilling moan.
The wretched star glows turbulently.
The lance of force hits you!!
You die...

##..#. d. # X#X.#.#
#X[X... ##X## .#.X #
### # .X ####X.# .#
##...#.### . .
###.##X....[##.
#*@##X#XX.##.#.# .
#..☼#..#d.......# ..
#....#..#3. .... ..
.
###..○.#d#..#.....#.
#..#...#.#.........
#...####....4 ..#..
#### #### #...#..#
#.# #.


You could see a black draconian and a wretched star.

Vanquished Creatures
  Gastronok (D:9)
  Josephine (D:10)
  A boulder beetle (D:10)
  The ghost of
  256 the Cleaver, a novice MiGl of Makhleb (D:10)
  A two-headed ogre (D:9)
  Urug (D:10)
  A sixfirhy (D:7)
  An ugly thing (D:10)
  A manticore (D:8)
  A gargoyle (D:9)
  A troll (D:10)
  A ynoxinul (Abyss:1)
  A shadow (D:10)
  10 yaks
  5 wraiths (D:10)
  A steam dragon (D:9)
  Menkaure (Ossuary)
  An acid dragon (D:10)
  3 water moccasins
  4 orc warriors
  A sky beast (D:6)
  An ice beast (D:7)
  A black bear (D:7)
  4 ogres
  A centaur (D:6)
  3 kobold brigands
  A gnoll sergeant (D:10)
  A small abomination (Abyss:1)
  5 bullfrogs
  A scorpion (D:6)
  A wyvern skeleton (D:6)
  An oklob sapling (D:5)
  15 killer bees
  A howler monkey (D:9)
  A centaur zombie (D:6)
  A jelly (D:5)
  A hound (D:6)
  2 centaur skeletons
  5 orc priests
  A gnoll shaman (D:8)
  5 iguanas
  Jessica (D:2)
  9 orc wizards
  Terence (D:2)
  Natasha (thrice) (D:3)
  A hound zombie (D:5)
  3 mummies (Ossuary)
  A howler monkey zombie (D:9)
  Robin (D:3)
  9 gnolls
  11 adders
  A shadow imp (D:5)
  A white imp (D:6)
  2 worms
  2 dart slugs
  40 orcs
  9 endoplasms
  2 giant cockroaches
  2 gnoll zombies (Ossuary)
  5 goblins (D:3)
  8 hobgoblins
  6 jackals
  13 kobolds
  4 quokkas
  3 ball pythons
  7 bats
  3 frilled lizards
  2 gnoll skeletons (Ossuary)
  6 goblin skeletons (Ossuary)
  3 goblin zombies (Ossuary)
  5 hobgoblin skeletons (Ossuary)
  3 hobgoblin zombies (Ossuary)
  4 kobold skeletons (Ossuary)
  9 kobold zombies (Ossuary)
  4 orc skeletons (Ossuary)
  6 orc zombies (Ossuary)
  2 rats
  4 rat skeletons (Ossuary)
  2 rat zombies (Ossuary)
289 creatures vanquished.

Vanquished Creatures (others)
  9 plants (D:5)
9 creatures vanquished.

Grand Total: 298 creatures vanquished

Notes
Turn   | Place    | Note
-------+----------+-------------------------------------------
     0 | D:1      | nicksoapdish the Minotaur Fighter began the quest for the
                  | Orb.
     0 | D:1      | Reached XP level 1. HP: 19/19 MP: 0/0
   251 | D:1      | Reached XP level 2. HP: 27/27 MP: 1/1
   674 | D:2      | Noticed Terence
   715 | D:2      | Killed Terence
   716 | D:2      | Reached skill level 3 in Axes
   716 | D:2      | Reached XP level 3. HP: 33/33 MP: 2/2
   890 | D:2      | Reached XP level 4. HP: 40/40 MP: 3/3
  1273 | D:2      | Noticed Jessica
  1277 | D:2      | Killed Jessica
  1278 | D:2      | Reached skill level 4 in Axes
  1278 | D:2      | Reached XP level 5. HP: 47/47 MP: 4/4
  1314 | D:2      | Found a faded altar of an unknown god.
  1544 | D:3      | Noticed Robin
  1552 | D:3      | Killed Robin
  1658 | D:3      | Noticed Natasha
  1663 | D:3      | Killed Natasha
  2008 | D:3      | Noticed Natasha
  2011 | D:3      | Killed Natasha
  2108 | D:3      | Reached skill level 5 in Axes
  2433 | D:3      | Noticed Natasha
  2440 | D:3      | Killed Natasha
  2441 | D:3      | Reached XP level 6. HP: 53/53 MP: 5/5
  2746 | D:4      | Reached skill level 5 in Armour
  2746 | D:4      | Reached skill level 5 in Shields
  3115 | D:5      | Entered Level 5 of the Dungeon
  3295 | D:5      | Found a staircase to the Ecumenical Temple.
  3301 | D:5      | Reached skill level 6 in Axes
  3376 | D:5      | HP: 1/55 [ogre (14)]
  3382 | D:5      | Reached skill level 5 in Fighting
  3382 | D:5      | Reached XP level 7. HP: 2/61 MP: 6/6
  4056 | D:5      | Reached skill level 7 in Axes
  4364 | D:5      | Reached skill level 1 in Evocations
  4624 | D:5      | Reached XP level 8. HP: 60/69 MP: 7/7
  5156 | Temple   | Entered the Ecumenical Temple
  5317 | Temple   | Became a worshipper of Qazlal Stormbringer
  5412 | D:6      | Reached skill level 8 in Axes
  5872 | D:6      | Reached skill level 9 in Axes
  5878 | D:6      | Reached XP level 9. HP: 34/75 MP: 8/8
  6274 | D:6      | Found a broken altar of Ashenzari.
  6469 | D:6      | Reached skill level 10 in Axes
  7112 | D:7      | Noticed a sixfirhy
  7113 | D:7      | Found a runed translucent door.
  7131 | D:7      | Killed a sixfirhy
  7132 | D:7      | Reached skill level 11 in Axes
  8586 | D:8      | Reached * piety under Qazlal
  8593 | D:8      | Reached XP level 10. HP: 82/86 MP: 9/9
  8628 | D:8      | Found a sand-covered staircase.
  8635 | Ossuary  | Entered an ossuary
  8859 | Ossuary  | Reached ** piety under Qazlal
  9030 | Ossuary  | Noticed Menkaure
  9048 | Ossuary  | Killed Menkaure
  9402 | D:8      | Noticed a manticore
  9419 | D:8      | Killed a manticore
  9420 | D:8      | Reached skill level 5 in Evocations
  9855 | D:8      | Reached *** piety under Qazlal
 10140 | D:9      | Reached skill level 1 in Invocations
 10143 | D:9      | Reached skill level 12 in Axes
 10442 | D:9      | Noticed a two-headed ogre
 10453 | D:9      | Killed a two-headed ogre
 10556 | D:9      | Noticed a gargoyle
 10572 | D:9      | Killed a gargoyle
 10886 | D:10     | Entered Level 10 of the Dungeon
 10920 | D:10     | Found a one-way gate to the infinite horrors of the Abyss.
 10920 | D:10     | Identified the +1 robe of Qaptamug {rPois rN++ Str+3 Int+4}
 11052 | D:10     | Reached XP level 11. HP: 74/94 MP: 12/12
 11217 | D:10     | Noticed Josephine
 11260 | D:10     | Noticed Gastronok
 11289 | D:9      | Killed Gastronok
 11290 | D:9      | Reached skill level 13 in Axes
 11319 | D:10     | Killed Josephine
 11332 | D:10     | Reached skill level 10 in Shields
 11345 | D:10     | Reached **** piety under Qazlal
 11393 | D:10     | Noticed Urug
 11409 | D:10     | Killed Urug
 11593 | D:10     | Found a runed translucent door.
 11594 | D:10     | Noticed 256's ghost (novice MiGl)
 11594 | D:10     | Noticed a boulder beetle
 11608 | D:10     | Killed a boulder beetle
 11610 | D:10     | Killed 256's ghost
 11615 | D:10     | Identified the +1 leather armour of Shadows and Fog {Str+6}
 11660 | D:10     | Found a large runed translucent door.
 11660 | D:10     | Found a large runed translucent door.
 11663 | D:10     | Found a corrupted altar of Lugonu.
 11663 | D:10     | Noticed a brown ugly thing
 11672 | D:10     | Killed a brown ugly thing
 11676 | D:10     | Cast into level 1 of the Abyss (kobold brigand)
 11702 | Abyss:1  | Noticed a starcursed mass
 11706 | Abyss:1  | Noticed a black draconian
 11728 | Abyss:1  | HP: 1/97 [starcursed mass/accursed screaming (7)]
 11730 | Abyss:1  | Noticed a wretched star
 11731 | Abyss:1  | Killed from afar by a wretched star

Illustrated notes

Levels and vault maps discovered:
D:1:      psy_arrival_whirlpool, layout_basic, minmay_tromino_v7
D:2:      layout_basic, dilly_ecumenical_altar_fadedgnrine, uniq_jessica,
          uniq_terence
D:3:      minmay_general_purpose_star, layout_basic, uniq_natasha, uniq_robin
D:4:      layout_loops_ring
D:5:      layout_loops_ring, minmay_temple_entry_oklob,
          hellmonk_bongcloud_opening, grunt_ministairs_12,
          minmay_misc_feat_enclosed
D:6:      layout_basic, nicolae_ashenzari_skybound
D:7:      cheibrodos_shockbox, layout_loops_corners
D:8:      layout_gridville, enter_ossuary_2
D:9:      layout_basic, serial_park_tiny_1
D:10:     due_chaos_kobolds, layout_cave_pools, ebering_ghost_inner_flame,
          uniq_gastronok, uniq_urug, uniq_josephine
Temple:   minmay_crystal_snake_temple
Abyss:1:  base:
D:4

Skill      XL: |  1  2  3  4  5  6  7  8  9 10 11 |
---------------+----------------------------------+-----
Shields        | 4 5 6 7 8 9 10 | 10.4
Armour         | 4 5 6 7 8 9 |  9.4
Fighting       | 4 5 6 7 8 9 |  9.0
Axes           | 3 4 5 6 7 9 11 12 13 | 13.9
Evocations     | 1 3 4 5 |  5.1
Invocations    | 3 4 |  4.9

Action                   |  1- 3 |  4- 6 |  7- 9 | 10-12 || total
-------------------------+-------+-------+-------+-------++-------
Melee: War axe           |    54 |   129 |   243 |   267 ||   693
       Headbutt          |    10 |    20 |    65 |    60 ||   155
Evoke: Wand              |       |       |     2 |     4 ||     6
       Piece from Xom's  |       |       |     1 |       ||     1
  Use: Scroll            |       |     3 |     9 |     8 ||    20
       Potion            |       |     1 |     3 |     4 ||     8
 Stab: Paralysed         |       |       |       |     6 ||     6
       Distracted        |       |       |       |     3 ||     3
Armor: Scale mail        |    28 |    11 |       |       ||    39
       Ring mail         |       |    33 |    79 |    32 ||   144
       Leather armour    |       |       |       |     4 ||     4
Dodge: Dodged            |    14 |    25 |    68 |    35 ||   142
Block: Kite shield       |    29 |    73 |   109 |   158 ||   369
       Reflection        |       |       |       |     3 ||     3
